cohdb
Replays
Latest Replays
All Replays
Popular Replays
Top Player Replays
Match Explorer
How It Works
Community
CoH3 Stats
Reddit
Sign in to upload your games and track your stats! →
Sign in with Steam
Match 39072666
Unlisted
Match 39072666
Overview
Messages
Build Orders
End
Royal Engineer Section
Selects Australian Defense Battlegroup
Selects Australian Light Infantry Section
Australian Light Infantry Section
Australian Light Infantry Section
Vickers Machine Gun Team
Construct Field Infirmary
Construct Section Command Post
Infantry Section
Construct Platoon Command Post
Selects CMP 15cwt Supply Run
Humber Armored Car
Infantry Section
Selects 2-pounder Anti-tank Gun Team
Infantry Training
6-pounder Anti-tank Gun Team
Grenade Package
ML 3-inch Mortar Team
BIOHAZARD
JimmyS
0
0
Comments
sign in to comment!
No comments posted yet!